 Dungeon Crawl Stone Soup version 0.25-a0-578-gc91f01c39c (webtiles) character file.

Game seed: 1978885828541717510, levelgen mode: deterministic

35 EriolAelfwine the Charmwright (level 3, -6/28 HPs)
             Began as a Merfolk Skald on Mar 7, 2020.
             Mangled by a gnoll
             ... wielding a +0 halberd of protection
              (11 damage)
             ... on level 2 of the Dungeon.
             The game lasted 00:06:57 (990 turns).

EriolAelfwine the Charmwright (Merfolk Skald)        Turns: 990, Time: 00:06:58

Health: -6/28      AC:  3    Str: 12    XL:     3   Next: 33%
Magic:  6/6        EV: 12    Int: 12    God:
Gold:   8          SH:  0    Dex: 13    Spells: 3/6 levels left

rFire    . . .     SeeInvis .   a - +0 spear
rCold    + . .     Gourm    .   (no shield)
rNeg     . . .     Faith    .   b - +0 leather armour
rPois    .         Spirit   .   (no helmet)
rElec    .         Reflect  .   (no cloak)
rCorr    .         Harm     .   (no gloves)
MR       .....                  (no boots)
Stlth    +.........             (no amulet)
HPRegen  0.09/turn              g - ring of protection from cold
MPRegen  0.10/turn              (no ring)

@: no status effects
A: change form in water, swift swim, stealthy swim
a: no special abilities


You were on level 2 of the Dungeon.
You were hungry.

You visited 1 branch of the dungeon, and saw 2 of its levels.

You collected 8 gold pieces.

Inventory:

Hand Weapons
 a - a +0 spear (weapon)
Missiles
 k - a throwing net (quivered)
Armour
 b - a +0 leather armour (worn)
Jewellery
 g - a ring of protection from cold (left hand)
Scrolls
 c - a scroll of identify {unknown}
 j - 2 scrolls of remove curse {unknown}
Potions
 e - a potion of heal wounds {unknown}
 f - a potion of magic {unknown}
 h - a potion of curing {unknown}
 i - a potion of mutation {unknown}
Comestibles
 d - a ration


   Skills:
 + Level 2.3 Fighting
 + Level 3.5 Polearms
 - Level 0.6 Armour
 + Level 3.0 Dodging
 + Level 1.0 Stealth
 + Level 2.1 Spellcasting
 + Level 3.9 Charms


You had 3 spell levels left.
You knew the following spells:

 Your Spells              Type           Power        Failure   Level  Hunger
a - Infusion              Chrm           ##..         7%          1    ##.....
b - Shroud of Golubria    Chrm/Tloc      #.....       22%         2    ###....

Your spell library contained the following spells:

 Spells                   Type           Power        Failure   Level  Hunger
 Song of Slaying          Chrm           ##......     11%         2    ###....
 Ozocubu's Armour         Chrm/Ice       #.......     41%         3    ####...
 Spectral Weapon          Hex/Chrm       #.......     41%         3    ####...


Dungeon Overview and Level Annotations

Branches:
Dungeon (2/15)

Altars:


Message History

Attack whom?
Press: ? - help, Dir - move target cursor, f/p - gnoll
Aim: a gnoll, wielding a +0 halberd of protection (moderately wounded)
You reach to attack!
You hit the gnoll but do no damage.
The gnoll is moderately wounded.
The gnoll hits you but does no damage.
Attack whom?
Press: ? - help, Dir - move target cursor, f/p - gnoll
Aim: a gnoll, wielding a +0 halberd of protection (moderately wounded)
You reach to attack!
You barely miss the gnoll.
The gnoll is moderately wounded.
The gnoll hits you from afar with a +0 halberd of protection!
* * * LOW HITPOINT WARNING * * *
You are too injured to fight recklessly!
You see here a goblin corpse.
You see here 2 large rocks.
You see here a hobgoblin corpse.
There is a stone staircase leading up here.
The gnoll hits you from afar with a +0 halberd of protection!
You die...

#..##.#..#
#..#..#..# .....
#..#.##..# ....#
#..#.##..# .....#
#........# .....
####.#######...##
###.#####...>..##
#.....##........?
#.#.#g#..@.....#
#.#.#(#g.......#
#.#............#
#.###.##....#..#
#.###.##.......#
#.....##...%..##
###############


You could see a gnoll.

Vanquished Creatures
  An ooze (D:1)
  2 dart slugs (D:1)
  3 giant cockroaches
  2 goblins
  4 hobgoblins
  3 jackals (D:2)
  2 frilled lizards (D:1)
  3 kobolds (D:1)
  5 rats (D:1)
25 creatures vanquished.

Notes
Turn   | Place    | Note
-------+----------+-------------------------------------------
     0 | D:1      | EriolAelfwine the Merfolk Skald began the quest for the
                  | Orb.
     0 | D:1      | Reached XP level 1. HP: 16/16 MP: 3/3
   235 | D:1      | Reached XP level 2. HP: 22/22 MP: 5/5
   577 | D:1      | Reached XP level 3. HP: 28/28 MP: 6/6
   596 | D:1      | Reached skill level 1 in Stealth
   724 | D:1      | Learned a level 2 spell: Shroud of Golubria
   990 | D:2      | Mangled by a gnoll

Levels and vault maps discovered:
D:1:      psy_arrival_radial01, layout_loops_ring, minmay_misc_feat_iff,
          minmay_tetromino_s4
D:2:      layout_loops_cross, uniq_terence

Skill      XL: |  1  2  3 |
---------------+----------+-----
Dodging        | 3 |  3.0
Stealth        | 1 |  1.0
Fighting       | |  2.3
Polearms       | |  3.5
Armour         | |  0.6
Spellcasting   | |  2.1
Charms         | |  3.9

Action                   || total
-------------------------++-------
Melee: Spear             ||    86
 Cast: Shroud of Golubri ||     2
       Infusion          ||     1
 Stab: Sleeping          ||     3
Armor: Leather armour    ||    19
Dodge: Dodged            ||    50

Table legend:
 A = Non-vault XP
 B = Vault XP
 C = Vault XP percentage of total XP
 D = Non-vault monster count
 E = Vault monster count
 F = Vault count percentage of total count
                 A         B        C        D         E       F
            +---------+---------+-------+---------+---------+-------
      Total |      46 |       4 |   8.0 |      24 |       1 |   4.0
            +---------+---------+-------+---------+---------+-------
        D:1 |      33 |       4 |  10.8 |      17 |       1 |   5.6
        D:2 |      13 |       0 |   0.0 |       7 |       0 |   0.0
            +---------+---------+-------+---------+---------+-------
